 Dungeon Crawl Stone Soup version 0.29-a0-668-g12ee2bf84d (webtiles) character file.

Game seed: 436958049326637655

446 dolemite99 the Ruffian (level 6, -17/62 HPs)
             Began as a Troll Chaos Knight on June 24, 2022.
             Was a Plaything of Xom.
             Engulfed by a cloud of flame (23 damage)
             ... on level 3 of the Dungeon.
             The game lasted 00:03:51 (2683 turns).

dolemite99 the Ruffian (Troll Chaos Knight)         Turns: 2683, Time: 00:03:52

Health: -17/62     AC:  6    Str: 19    XL:     6   Next: 73%
Magic:  5/5        EV:  7    Int:  8    God:    Xom [.....*]
Gold:   147        SH: 12    Dex: 11    Spells: 5/5 levels left

rFire   . . .      SeeInvis .     - Unarmed
rCold   . . .      Faith    .   o - +0 tower shield
rNeg    . . .      Spirit   .   a - +2 robe
rPois   .          Reflect  .   (helmet restricted)
rElec   .          Harm     .   (no cloak)
rCorr   .          Rampage  .   (gloves unavailable)
Will    .....                   (boots unavailable)
Stlth   +.........              (no amulet)
HPRegen 1.00/turn               (no ring)
MPRegen 0.09/turn               (no ring)

@: no status effects
A: large, unfitting armour, claws 3, regeneration 1, shaggy fur 1, tough skin 1,
weak 1
a: Renounce Religion


You were on level 3 of the Dungeon.
You worshipped Xom.
You were Xom's teddy bear.
You visited 1 branch of the dungeon, and saw 3 of its levels.

You collected 147 gold pieces.

Inventory:

Hand Weapons
 n - a +0 hunting sling
Armour
 a - a +2 robe (worn)
 k - a +1 robe of the Archmagi
 o - a +0 tower shield (worn)
Magical Staves
 f - a staff of cold
 s - a staff of air
Jewellery
 m - a ring of magical power
 p - a ring of poison resistance
Wands
 b - a wand of charming (6)
 r - a wand of flame (11)
Scrolls
 d - a scroll of magic mapping
 q - a scroll of brand weapon {unknown}
Potions
 c - a potion of haste {unknown}
 e - a potion of degeneration {unknown}
 g - 4 potions of flight
 h - a potion of lignification
 i - 2 potions of brilliance {unknown}
 j - a potion of mutation {unknown}
 l - a potion of might {unknown}
 t - a potion of invisibility {unknown}


   Skills:
 - Level 4.1 Fighting
 - Level 2.2 Dodging
 + Level 3.1 Shields
 - Level 5.0 Unarmed Combat


You had 5 spell levels left.
You didn't know any spells.
Your spell library was empty.

Dungeon Overview and Level Annotations

Branches:
Dungeon (3/15)

Altars:
Vehumet

Shops:
D:2 :


Innate Abilities, Weirdness & Mutations

You are too large for most types of armour.
You have claws for hands.
Your natural rate of healing is unusually fast.
You are covered in fur. (AC +1)
You have tough skin. (AC +1)
You are weak. (Str -2)


Message History

Really walk into that cloud of flame?
You are engulfed in blazing flames.
You see here 11 gold pieces.
You now have 128 gold pieces (gained 11).
You are engulfed in blazing flames.
You are engulfed in blazing flames.
* * * LOW HITPOINT WARNING * * *
You now have 147 gold pieces (gained 19).
There are no items here.
You start resting.
HP restored.
You see here a +0 flail.
l - an emerald potion
There are no items here.
q - a scroll labelled TUSMON DIXZYO
There are no items here.
You see here a staff of air.
s - a staff of air You start waiting.
Done waiting.
Really walk into a travel-excluded area? [Y]es or [N]o only, please.
Really walk into a travel-excluded area? [Y]es or [N]o only, please.
Really walk into a travel-excluded area? [Y]es or [N]o only, please.
Really walk into a travel-excluded area? [Y]es or [N]o only, please.
Really walk into a travel-excluded area?
Okay, then.
Really walk into a travel-excluded area?
You are engulfed in blazing flames.
You are engulfed in blazing flames.
Really walk into that cloud of flame?
Okay, then.
You are engulfed in blazing flames.
* * * LOW HITPOINT WARNING * * *
You are engulfed in blazing flames.
You die...
Xom giggles madly!

##...................##.......# #
.......#.##...##.....##.......# #
#......#.#............#.......# #
..)....#.#....######...#####..# #
.......#.#.....# #☼§§# ##.###
.......#(#.#.#.# #§☼○# #.†..
.......#.#.....# #§○§# #....
.......#.#.....#####...######....
.#.###.#.#......@§§.....§°☼......
.#.#...#.#.#.#..○○§.....§☼§......
.#.#.###.#.#.#..☼○☼...).°§§.###†#
.#.#.....#.#...#####...#####....[
........##.#...# #§☼§# #.....
...............# #§○§# #.##..
........##.#.### #§○.# #.##..
........##.#...# #...#** #.##..
........##.##########.##.# #.##.#


There were no monsters in sight!

Vanquished Creatures
  Sigmund (D:2)
  An orc priest (D:3)
  Ijyb (D:2)
  An orc wizard (D:3)
  Natasha (thrice) (D:2)
  5 adders
  A worm (D:3)
  3 dart slugs (D:2)
  4 orcs (D:3)
  5 bats
  8 endoplasms
  4 giant cockroaches
  11 goblins
  7 hobgoblins
  4 jackals
  6 ball pythons
  2 frilled lizards
  4 kobolds
  6 rats
77 creatures vanquished.

Notes
Turn   | Place    | Note
-------+----------+-------------------------------------------
     0 | D:1      | dolemite99 the Troll Chaos Knight began the quest for the
                  | Orb.
     0 | D:1      | Reached XP level 1. HP: 22/22 MP: 0/0
   200 | D:1      | Reached XP level 2. HP: 29/29 MP: 1/1
   381 | D:1      | XOM: divination: magic mapping
   489 | D:1      | XOM: enchant monster (good)
   581 | D:1      | XOM: give mutation
   581 | D:1      | Gained mutation: You are weak. (Str -2) [Xom's mischief]
   702 | D:2      | Reached XP level 3. HP: 36/36 MP: 2/2
   717 | D:2      | XOM: polymorph endoplasm -> ball python
   844 | D:2      | Found a faded altar of an unknown god.
  1041 | D:2      | Reached XP level 4. HP: 45/45 MP: 3/3
  1067 | D:2      | Noticed Sigmund
  1077 | D:2      | Killed Sigmund
  1078 | D:2      | Reached skill level 4 in Unarmed Combat
  1078 | D:2      | Reached XP level 5. HP: 54/54 MP: 4/4
  1172 | D:2      | Found a radiant altar of Vehumet.
  1172 | D:2      | Noticed Natasha
  1173 | D:2      | Found Piakat's Book Boutique.
  1182 | D:2      | Killed Natasha
  1183 | D:2      | Reached skill level 5 in Unarmed Combat
  1284 | D:2      | XOM: god gift: scroll labelled GOJAOB YXKITA LUIS {god
                  | gift}
  1330 | D:2      | XOM: enchant monster (bad)
  1336 | D:2      | Reached XP level 6. HP: 60/62 MP: 5/5
  1419 | D:2      | Noticed Natasha
  1425 | D:2      | Killed Natasha
  1426 | D:2      | Reached skill level 1 in Shields
  1433 | D:2      | Noticed Natasha
  1443 | D:2      | Killed Natasha
  1469 | D:2      | Noticed Ijyb
  1491 | D:2      | Killed Ijyb
  1867 | D:3      | XOM is BORED!
  1867 | D:3      | XOM: confusion
  1868 | D:3      | XOM: smoke on damage
  1914 | D:3      | XOM: god gift: long bronze wand {god gift}
  2683 | D:3      | Engulfed by a cloud of flame

Illustrated notes

Levels and vault maps discovered:
D:1:      elethiomel_arrival_infinity_welcomes_careful_drivers, layout_basic
D:2:      kennysheep_the_goblin_king, layout_rooms,
          hellmonk_ecumenical_altar_prayer_group, basic_altar, serial_rivers,
          chequers_serial_rivers_micro_c, chequers_serial_rivers_marsh,
          chequers_serial_rivers_large_b, chequers_serial_rivers_micro_c,
          serial_shops, shop, grunt_ministairs_11,
          wander_ebering_terrifying_dragon_lair, uniq_sigmund, uniq_natasha
D:3:      layout_basic, lemuel_flame_loot_1

Skill      XL: |  1  2  3  4  5  6 |
---------------+-------------------+-----
Dodging        | 2 |  2.2
Fighting       | 3 4 |  4.1
Unarmed Combat | 4 5 |  5.0
Shields        | 3 |  3.1

Action                   |  1- 3 |  4- 6 || total
-------------------------+-------+-------++-------
Melee: Unarmed           |    98 |   136 ||   234
Evoke: Piece from Xom's  |    15 |       ||    15
  Use: Scroll            |       |     9 ||     9
       Potion            |       |     1 ||     1
 Stab: Paralysed         |     1 |       ||     1
       Sleeping          |       |     1 ||     1
Armor: Robe              |    39 |    37 ||    76
       Skin              |       |    12 ||    12
Dodge: Dodged            |    64 |    25 ||    89
Block: Tower shield      |       |    59 ||    59

Table legend: (Time is in decaauts)
 A = Elapsed time spent in this place.
 B = Non-inter-level travel time spent in this place.
 C = Inter-level travel time spent in this place.
 D = Time resting spent in this place.
 E = Time spent auto-exploring this place.
 F = Levels seen in this place.
 G = Mean time per level.
                   A        B        C        D        E       F      G
               +--------+--------+--------+--------+--------+-----+--------+
         Total |   2744 |   2654 |     90 |    408 |   1519 |   3 |  914.7 |
       Dungeon |   2744 |   2654 |     90 |    408 |   1519 |   3 |  914.7 |
               +--------+--------+--------+--------+--------+-----+--------+

Top non-repeatable levels by time:
     D:3: 1155 daAuts
     D:2: 894 daAuts
     D:1: 694 daAuts
